cohdb
Replays
Latest Replays
All Replays
Popular Replays
Top Player Replays
Match Explorer
How It Works
Community
CoH3 Stats
Reddit
Sign in to upload your games and track your stats! →
Sign in with Steam
Match 41985919
Unlisted
Match 41985919
Overview
Messages
Build Orders
End
Construct Barracks
Selects Heavy Weapons
Engineer Squad
Riflemen Squad
1⁄4-ton 4x4 Truck
Construct Weapon Support Center
Selects M2HB .50cal Heavy Machine Gun
M1919 Machine Gun Team
.30 cal Machine Gun
Mechanized Support Center
M1 Mortar Team
M3 Armored Personnel Carrier
Designate Forward Repair Station
Selects Assault Carriers
M3 Assault Carrier
Selects Exchangeable Parts
Construct Tank Depot
Riflemen Squad
M4A1 Sherman Medium Tank
Designate Forward Repair Station
Selects Rapid Reposition
M4A1 Sherman Medium Tank
M4A1 76mm Conversion
Riflemen Squad
[GG]Onkel Stonkel
[GG]Quiq
Norwood 3 gaming
DragonForeskin
0
0
Comments
sign in to comment!
No comments posted yet!